Map: Jagannatha LE

Players

DANKCRAFT - Winner!

  • Race: Terran Terran
  • League: Diamond
  • Spawn Location: 7:00

VOD

Have the link to the VOD?

Description

Time

  • Played on: March 16, 2021, 5:54 p.m.
  • Length: 4:40
Show
View Real Time Build Order
Export as new Build Order

DANKCRAFT Terran - Winner!

Build Orders:  

Get SALT Encoding   

  12  0:06  SCV  
  12  0:18  SCV  
  12  0:20  Supply Depot  
  12  0:24  Refinery  
  12  0:30  SCV  
  12  0:42  SCV  
  12  0:48  Barracks  
  12  0:55  SCV  
  12  1:11  Barracks  
  12  1:24  Barracks  
  12  1:37  Reaper  
  12  1:59  Reaper  
  12  2:01  Barracks  
  12  2:09  Reaper  
  12  2:12  Reaper  
  12  2:14  Barracks  
  12  2:22  Supply Depot  
  12  2:33  Reaper  
  12  2:44  Reaper  
  12  2:48  Supply Depot  
  12  3:39  Marine x4  
  12  3:56  Marine  
  12  3:57  Marine x3  
  12  4:14  Marine x4  
Tags
 
Add a new tag
Caveats
  • Supply blocks, unpowered buildings, or Contaminate may cause inaccurate times.
  • Supply counts are checked every 10 seconds.